 Dungeon Crawl Stone Soup version 0.31-a0-620-gd1cbd99268 (webtiles) character file.

Game seed: 12485923201681380469

320 innerfire43 the Martial Artist (level 6, -1/76 HPs)
             Began as a Gnoll Shapeshifter on Aug 23, 2023.
             Was an Initiate of Cheibriados.
             Slain by a goblin
             ... wielding a +0 dagger
             ... led by Robin
              (3 damage)
             ... on level 3 of the Dungeon.
             The game lasted 00:02:52 (1858 turns).

innerfire43 the Martial Artist (Gnoll Shapeshifter) Turns: 1858, Time: 00:02:52

Health: -1/76      AC: 23    Str: 21    XL:     6   Next: 46%
Magic:  7/12       EV:  2    Int:  9    God:    Cheibriados [......]
Gold:   178        SH:  0    Dex: 15    Spells: 14/14 levels left

rFire   . .          .
                       - Unarmed
rCold   . . .        (no shield)
rNeg    . . .        n - melded +4 ring mail
rPois   +            (helmet currently unavailable)
rElec   .            (cloak currently unavailable)
rCorr   .            (gloves currently unavailable)
SInv    .            (boots currently unavailable)
Will    +....        (no amulet)
Stlth   +++          j - +6 ring of strength
HPRegen 0.32/turn    (no ring)
MPRegen 0.13/turn

%: no passive effects
@: mighty, brilliant, tree-form, enlightened, very slow
A: stationary, stasis, torment immunity, boosted hp, (fangs 1), strong nose,
distributed training
a: Renounce Religion


You were on level 3 of the Dungeon.
You worshipped Cheibriados.
Cheibriados was noncommittal.
You were a tree.
You visited 1 branch of the dungeon, and saw 3 of its levels.

You collected 178 gold pieces.

Inventory:

Hand Weapons
 f - a +1 club
Missiles
 m - a throwing net
Armour
 a - a +0 animal skin
 n - a +4 ring mail (melded)
Jewellery
 j - a +6 ring of strength (left branch)
Talismans
 c - a beast talisman
 d - a flux talisman
 e - a blade talisman
Scrolls
 h - a scroll of amnesia
 k - a scroll of fog {unknown}
 p - a scroll of enchant armour {unknown}
 q - a scroll of butterflies {unknown}
Potions
 g - a potion of enlightenment


   Skills:
 + Level 5.3 Fighting
 + Level 4.6 Short Blades
 + Level 4.6 Long Blades
 + Level 4.6 Axes
 + Level 4.6 Maces & Flails
 + Level 4.6 Polearms
 + Level 4.6 Staves
 + Level 4.6 Ranged Weapons
 + Level 4.6 Throwing
 + Level 4.6 Armour
 + Level 6.5 Dodging
 + Level 4.6 Stealth
 + Level 4.6 Shields
 + Level 8.1 Unarmed Combat
 + Level 4.6 Spellcasting
 + Level 3.8 Conjurations
 + Level 3.8 Hexes
 + Level 3.8 Summonings
 + Level 3.8 Necromancy
 + Level 3.8 Translocations
 + Level 3.8 Transmutations
 + Level 3.8 Fire Magic
 + Level 3.8 Ice Magic
 + Level 3.8 Air Magic
 + Level 3.8 Earth Magic
 + Level 3.8 Poison Magic
 + Level 5.0 Invocations
 + Level 4.6 Evocations
 + Level 7.8 Shapeshifting


You had 14 spell levels left.
You didn't know any spells.
Your spell library contained the following spells:

 Spells                   Type           Power      Damage    Failure   Level
 Blink                    Tloc           26%        N/A       9%          2
 Lesser Beckoning         Tloc           26%        N/A       9%          2
 Momentum Strike          Conj/Tloc      26%        3d8       9%          2


Dungeon Overview and Level Annotations

Branches:
Dungeon (3/15)

Altars:
Cheibriados


Innate Abilities, Weirdness & Mutations

You are a tree.
Your roots penetrate the ground, keeping you stationary.
You cannot be teleported.
You are immune to unholy pain and torment.
Your maximum health is greatly increased.
Your equipment is partially melded.
((You have very sharp teeth.))
Your uncanny sense of smell can sniff out nearby items.
Your experience applies equally to all skills.


Message History

Your Stealth skill gained 3 levels and is now at level 4!
Your Shields skill gained 3 levels and is now at level 4!
Your Unarmed Combat skill gained 2 levels and is now at level 8!
Your Spellcasting skill gained 3 levels and is now at level 4!
Your Conjurations skill gained 2 levels and is now at level 3!
Your Hexes skill gained 2 levels and is now at level 3!
Your Summonings skill gained 2 levels and is now at level 3!
Your Necromancy skill gained 2 levels and is now at level 3!
Your Translocations skill gained 2 levels and is now at level 3!
Your Transmutations skill gained 2 levels and is now at level 3!
Your Fire Magic skill gained 2 levels and is now at level 3!
Your Ice Magic skill gained 2 levels and is now at level 3!
Your Air Magic skill gained 2 levels and is now at level 3!
Your Earth Magic skill gained 2 levels and is now at level 3!
Your Poison Magic skill gained 2 levels and is now at level 3!
Your Invocations skill gained 4 levels and is now at level 5!
Your Evocations skill gained 3 levels and is now at level 4!
Your Shapeshifting skill increases to level 7!
You have reached level 6!
The goblin hits you but does no damage. The goblin misses you.
The goblin hits you but does no damage.
The hobgoblin hits you but does no damage.
The goblin closely misses you.
It was a potion of brilliance.
You feel clever all of a sudden. The goblin barely misses you.
The goblin hits you with a +0 dagger.
* * * LOW HITPOINT WARNING * * *
The goblin closely misses you. The hobgoblin hits you.
* * * LOW HITPOINT WARNING * * *
The goblin hits you but does no damage.
It was a potion of might.
You feel very mighty all of a sudden. The goblin barely misses you.
The goblin closely misses you. x2
The hobgoblin closely misses you. The goblin misses you.
Your transformation has ended.
You turn into a tree.
Your +4 ring mail melds into your body.
Your roots penetrate the ground.
The goblin no longer looks unusually strong. x2
The goblin hits you but does no damage. The goblin hits you with a +0 dagger.
You die...

##............#
#.....?........#
#..............#
#.....>........#
#..............#
#..............#
#....)gg......#
#...g♣g..?.# ∆
######g##### ######
#.....# #.....
#.....# #.....
#.....# #.....
#.....########.....
#>.....÷..<........
#.....#############
#.....#


You could see a hobgoblin (strong) and 4 goblins.

Vanquished Creatures
  An iron imp (D:3)
  Terence (D:2)
  Robin (D:3)
  3 adders
  A worm (D:2)
  A dart slug (D:3)
  An orc (D:3)
  4 endoplasms
  5 giant cockroaches
  17 hobgoblins
  4 kobolds
  3 quokkas (D:1)
  2 ball pythons
  5 bats
  A frilled lizard (D:2)
  9 goblins
  4 rats
63 creatures vanquished.

Notes
Turn   | Place    | Note
-------+----------+-------------------------------------------
     0 | D:1      | innerfire43 the Gnoll Shapeshifter began the quest for the
                  | Orb.
     0 | D:1      | Reached XP level 1. HP: 17/17 MP: 1/1
   135 | D:1      | Reached XP level 2. HP: 21/23 MP: 2/2
   551 | D:1      | Reached XP level 3. HP: 26/28 MP: 3/3
   690 | D:2      | Reached skill level 1 in Invocations
   920 | D:2      | Noticed Terence
   926 | D:2      | Killed Terence
   927 | D:2      | Reached skill level 1 in Short Blades
   927 | D:2      | Reached skill level 1 in Long Blades
   927 | D:2      | Reached skill level 1 in Axes
   927 | D:2      | Reached skill level 1 in Maces & Flails
   927 | D:2      | Reached skill level 1 in Polearms
   927 | D:2      | Reached skill level 1 in Staves
   927 | D:2      | Reached skill level 1 in Ranged Weapons
   927 | D:2      | Reached skill level 1 in Throwing
   927 | D:2      | Reached skill level 1 in Armour
   927 | D:2      | Reached skill level 1 in Stealth
   927 | D:2      | Reached skill level 1 in Shields
   927 | D:2      | Reached skill level 1 in Spellcasting
   927 | D:2      | Reached skill level 1 in Evocations
   927 | D:2      | Reached XP level 4. HP: 32/34 MP: 5/5
  1419 | D:3      | Reached skill level 1 in Conjurations
  1419 | D:3      | Reached skill level 1 in Hexes
  1419 | D:3      | Reached skill level 1 in Summonings
  1419 | D:3      | Reached skill level 1 in Necromancy
  1419 | D:3      | Reached skill level 1 in Translocations
  1419 | D:3      | Reached skill level 1 in Transmutations
  1419 | D:3      | Reached skill level 1 in Fire Magic
  1419 | D:3      | Reached skill level 1 in Ice Magic
  1419 | D:3      | Reached skill level 1 in Air Magic
  1419 | D:3      | Reached skill level 1 in Earth Magic
  1419 | D:3      | Reached skill level 1 in Poison Magic
  1660 | D:3      | Found a snail-covered altar of Cheibriados.
  1667 | D:3      | Reached XP level 5. HP: 38/40 MP: 5/7
  1671 | D:3      | Became a worshipper of Cheibriados the Contemplative
  1761 | D:3      | Found a faded altar of an unknown god.
  1835 | D:3      | Noticed Robin
  1846 | D:3      | Killed Robin
  1855 | D:3      | Reached skill level 5 in Fighting
  1855 | D:3      | Reached skill level 8 in Unarmed Combat
  1855 | D:3      | Reached skill level 5 in Invocations
  1855 | D:3      | Reached XP level 6. HP: 6/51 MP: 7/12
  1856 | D:3      | HP: 1/51 [hobgoblin[Robin] (5)]
  1858 | D:3      | Slain by a goblin

Illustrated notes

Levels and vault maps discovered:
D:1:      lightli_arrival_maybe_door_vault, layout_rooms, kennysheep_nondescript
D:2:      layout_basic, uniq_terence
D:3:      layout_rooms, slow_altar_2, nicolae_overflow_two_pavilions,
          shapermc_ecumenical_altar_hornbeckon, guppyfry_early_lair_pool,
          uniq_robin

Skill      XL: |  1  2  3  4  5 |
---------------+----------------+-----
Invocations    | 1 5 |  5.0
Short Blades   | 1 4 |  4.6
Long Blades    | 1 4 |  4.6
Axes           | 1 4 |  4.6
Maces & Flails | 1 4 |  4.6
Polearms       | 1 4 |  4.6
Staves         | 1 4 |  4.6
Ranged Weapons | 1 4 |  4.6
Throwing       | 1 4 |  4.6
Armour         | 1 4 |  4.6
Stealth        | 1 4 |  4.6
Shields        | 1 4 |  4.6
Spellcasting   | 1 4 |  4.6
Evocations     | 1 4 |  4.6
Conjurations   | 1 3 |  3.8
Hexes          | 1 3 |  3.8
Summonings     | 1 3 |  3.8
Necromancy     | 1 3 |  3.8
Translocations | 1 3 |  3.8
Transmutations | 1 3 |  3.8
Fire Magic     | 1 3 |  3.8
Ice Magic      | 1 3 |  3.8
Air Magic      | 1 3 |  3.8
Earth Magic    | 1 3 |  3.8
Poison Magic   | 1 3 |  3.8
Fighting       | 5 |  5.3
Dodging        | 6 |  6.5
Unarmed Combat | 8 |  8.1
Shapeshifting  | 7 |  7.8

Action                     |  1- 3 |  4- 6 || total
---------------------------+-------+-------++-------
  Melee: Unarmed           |    80 |    80 ||   160
         Bite              |     8 |     6 ||    14
    Use: Scroll            |     2 |     3 ||     5
         Potion            |       |     5 ||     5
 Armour: Animal skin       |     8 |       ||     8
         Ring mail         |       |    42 ||    42
         Skin              |       |     1 ||     1
  Dodge: Dodged            |    60 |    77 ||   137
   Form: Flux              |     1 |       ||     1

Table legend: (Time is in decaauts)
 A = Elapsed time spent in this place.
 B = Non-inter-level travel time spent in this place.
 C = Inter-level travel time spent in this place.
 D = Time resting spent in this place.
 E = Time spent auto-exploring this place.
 F = Levels seen in this place.
 G = Mean time per level.
                   A        B        C        D        E       F      G
               +--------+--------+--------+--------+--------+-----+--------+
         Total |   1884 |   1779 |    105 |      0 |   1372 |   3 |  628.0 |
       Dungeon |   1884 |   1779 |    105 |      0 |   1372 |   3 |  628.0 |
               +--------+--------+--------+--------+--------+-----+--------+

Top non-repeatable levels by time:
     D:2: 824 daAuts
     D:1: 573 daAuts
     D:3: 486 daAuts
